Map: Acolyte LE

Players

llllllllllll

  • Race: Terran Terran
  • League: Grandmaster
  • Spawn Location: 7:00

sAviOr - Winner!

  • Race: Zerg Zerg
  • League: Grandmaster
  • Spawn Location: 1:00

VOD

Have the link to the VOD?

Description

Time

  • Played on: July 27, 2017, 7:47 a.m.
  • Length: 13:03
Show
View Real Time Build Order
Export as new Build Order

llllllllllll Terran 

Build Orders: Reaper Expand, MMM Bio 

Get SALT Encoding   

  12  0:00  SCV  
  13  0:12  SCV  
  14  0:18  Supply Depot  
  14  0:24  SCV  
  15  0:31  Refinery  
  15  0:39  SCV  
  16  0:44  Barracks  
  16  0:52  SCV  
  17  1:04  SCV  
  18  1:16  SCV  
  19  1:31  Orbital Command  
  19  1:32  Reaper  
  20  1:43  Command Center  
  20  1:54  Barracks  
  20  1:57  SCV  
  21  2:04  Barracks Reactor  
  21  2:09  SCV  
  21  2:13  Factory  
  22  2:21  Supply Depot  
  22  2:22  SCV  
  23  2:26  Refinery  
  23  2:40  Barracks Tech Lab  
  23  2:43  SCV  
  24  2:48  Marine  
  24  2:49  Marine  
  26  2:55  SCV  
  26  2:56  Orbital Command  
  27  3:00  Marine  
  27  3:01  Stimpack  
  28  3:07  SCV  
  28  3:09  Marine x2  
  31  3:17  Starport  
  31  3:24  Marine  
  31  3:26  Factory Reactor  
  31  3:27  Marine, SCV  
  33  3:30  SCV  
  35  3:36  Supply Depot  
  35  3:39  SCV  
  35  3:43  SCV  
  35  3:45  Marine x2  
  35  3:47  Marine  
  39  3:51  SCV  
  40  4:03  Marine x2, Medivac, Hellion  
  40  4:04  Hellion, SCV  
  40  4:05  SCV  
  50  4:11  Supply Depot  
  50  4:15  Armory  
  50  4:17  SCV  
  50  4:18  SCV  
  50  4:20  Marine  
  50  4:22  Marine  
  54  4:28  Supply Depot  
  54  4:32  Marine  
  54  4:33  Hellion x2  
  54  4:36  Medivac  
  61  4:41  SCV  
  62  4:49  Marine x2, Supply Depot  
  62  4:50  SCV  
  62  4:51  Supply Depot  
  65  5:00  Marine  
  65  5:01  Hellion x2  
  70  5:10  Marine, Medivac, SCV x2  
  75  5:15  Supply Depot  
  75  5:22  SCV  
  68  5:46  Marine x3  
  59  5:57  Widow Mine x2  
  59  6:01  Combat Shields, Command Center, Starport Reactor  
  59  6:02  Barracks  
  59  6:03  SCV, Barracks  
  64  6:04  Marine x2, Engineering Bay  
  64  6:05  Barracks  
  64  6:06  Engineering Bay  
  64  6:19  Marine  
  64  6:23  Marine x2  
  64  6:24  Terran Vehicle And Ship Armor Level 1  
  64  6:25  SCV x2  
  69  6:27  Supply Depot  
  69  6:28  Supply Depot  
  69  6:37  SCV x2  
  66  6:49  Terran Infantry Armor Level 1, Terran Infantry Weapons Level 1  
  66  6:51  Barracks Reactor x2  
  66  6:56  Marine  
  66  6:57  Marine, Barracks Reactor  
  66  6:58  Widow Mine x2  
  72  7:04  Medivac  
  72  7:06  SCV x2  
  76  7:09  Refinery  
  76  7:10  Refinery  
  76  7:11  Marine  
  76  7:14  Marine  
  78  7:16  Marine  
  78  7:18  SCV x2  
  78  7:20  Concussive Shells  
  81  7:28  Orbital Command  
  81  7:29  Marauder  
  83  7:30  Supply Depot, SCV  
  83  7:32  Marine  
  83  7:34  Marine  
  86  7:44  Marine  
  86  7:45  Marine x5, Widow Mine  
  86  7:46  Medivac  
  86  7:47  Medivac  
  86  7:49  Widow Mine  
  86  7:50  Marine x2  
  102  7:52  Marine  
  104  7:58  SCV x3  
  104  7:59  Supply Depot x2  
  104  8:02  Marine x2  
  104  8:03  Marine x3  
  104  8:04  Supply Depot  
  111  8:12  Marine x4  
  115  8:14  SCV  
  115  8:15  SCV  
  115  8:16  SCV  
  118  8:20  Marine x3  
  121  8:30  Marauder  
  119  8:37  Marine x5  
  119  8:39  Marine x3, Medivac  
  129  8:44  Terran Infantry Armor Level 2, Terran Infantry Weapons Level 2  
  129  8:52  Marauder  
  129  8:54  Supply Depot, SCV  
  129  8:55  Marine x3, SCV x2, Factory, Barracks  
  131  8:58  Factory Tech Lab  
  131  9:02  Marine  
  134  9:07  SCV x3  
  135  9:14  Marine x7  
  135  9:15  Marauder  
  144  9:19  SCV  
  144  9:20  Medivac x2  
  149  9:25  SCV  
  149  9:26  Supply Depot, SCV  
  149  9:27  Supply Depot  
  149  9:28  Supply Depot  
  149  9:29  Terran Vehicle Weapons Level 1  
  149  9:31  SCV  
  152  9:36  Marauder  
  154  9:45  Siege Tank, Factory Tech Lab  
  157  9:46  Marine x8  
  157  9:50  Refinery  
  157  9:51  Refinery, Supply Depot  
  165  9:57  Marine, Medivac  
  165  9:58  Medivac  
  170  10:04  Marine  
  165  10:15  Marine  
  165  10:16  Marine x7, Siege Tank  
  165  10:17  Siege Tank  
  175  10:22  Marine  
  171  10:33  Marine x5  
  171  10:35  Supply Depot  
  176  10:36  Supply Depot  
  176  10:41  Marine  
  177  10:44  Factory  
  177  10:46  Marine  
  177  10:47  Marine x2  
  177  10:48  Ghost Academy  
  177  10:49  Siege Tank  
  183  10:51  Marine x4  
  183  10:56  Siege Tank  
  183  10:57  Command Center  
  190  11:07  Marine x5  
  190  11:09  Marine  
  196  11:45  Siege Tank  
  199  11:52  Factory Tech Lab  
  190  12:09  Marine x2  
  190  12:14  Marine x6  
  190  12:15  Siege Tank x2  
  191  12:25  Siege Tank  
  191  12:26  Medivac  
  191  12:27  Marine x2, SCV  
  188  12:31  Marine  
  188  12:32  Marine x5  
  188  12:33  SCV x2  
  195  12:39  SCV  
  196  12:45  Marine x2, SCV x2  
  200  12:59  Refinery x2  
  200  13:00  Refinery  
Show
View Real Time Build Order
Export as new Build Order

sAviOr Zerg - Winner!

Build Orders: Hatch First 

Get SALT Encoding   

  12  0:00  Drone  
  13  0:13  Overlord  
  13  0:18  Drone  
  14  0:31  Drone x2  
  14  0:35  Drone  
  17  0:53  Hatchery  
  16  0:58  Drone  
  16  1:00  Drone  
  18  1:12  Extractor  
  18  1:14  Spawning Pool  
  16  1:19  Drone  
  16  1:20  Drone  
  18  1:29  Drone  
  19  1:40  Overlord  
  19  2:00  Queen  
  21  2:01  Zergling x4  
  21  2:04  Queen  
  21  2:05  Zergling x2  
  26  2:11  Metabolic Boost  
  26  2:14  Drone  
  27  2:16  Drone  
  28  2:23  Drone  
  28  2:27  Drone  
  30  2:36  Queen  
  32  2:37  Spore Crawler  
  32  2:43  Overlord  
  32  2:46  Overlord  
  32  2:49  Drone x2  
  34  2:54  Pneumatized Carapace  
  34  3:01  Drone x2  
  34  3:05  Drone  
  37  3:13  Drone x4  
  41  3:20  Drone x3  
  44  3:35  Hatchery  
  43  3:42  Drone  
  43  3:47  Queen x2  
  48  3:53  Overlord  
  48  3:59  Overlord  
  48  4:05  Evolution Chamber x2  
  46  4:13  Drone  
  46  4:14  Drone x5  
  52  4:27  Queen x2  
  52  4:30  Zergling x6  
  52  4:31  Zergling x2  
  60  4:33  Zerg Ground Armor Level 1  
  60  4:34  Zerg Melee Weapons Level 1  
  60  4:41  Overlord x2  
  60  4:47  Queen  
  62  4:55  Drone x4, Baneling Nest  
  62  4:57  Extractor  
  62  4:58  Zergling x2  
  62  4:59  Zergling x2  
  66  5:04  Drone x3  
  66  5:05  Drone  
  70  5:07  Drone  
  70  5:12  Zergling x6  
  70  5:13  Zergling x2  
  75  5:18  Zergling x2  
  61  5:49  Zergling x10  
  66  5:50  Zergling x14  
  66  6:01  Zergling x4  
  66  6:02  Zergling x2  
  69  6:08  Lair  
  69  6:12  Queen  
  69  6:14  Hatchery, Drone x3  
  69  6:16  Overlord  
  73  6:30  Hatchery  
  72  6:37  Drone x6  
  74  6:48  Zergling x2  
  74  6:49  Zergling x8  
  79  6:57  Zergling x4  
  81  7:03  Drone, Spore Crawler  
  81  7:05  Extractor  
  81  7:06  Extractor, Spore Crawler  
  78  7:14  Drone x3  
  81  7:16  Extractor  
  81  7:17  Zerg Melee Weapons Level 2, Centrifical Hooks, Zerg Ground Armor Level 2  
  81  7:18  Overlord x2  
  81  7:19  Overlord  
  80  7:32  Drone x3  
  80  7:33  Drone x2  
  80  7:34  Drone  
  86  7:37  Drone  
  86  7:38  Drone x2  
  86  7:40  Queen x2  
  86  7:42  Hydralisk Den  
  92  7:44  Baneling x2  
  92  7:45  Baneling x3  
  92  7:53  Zergling x12  
  99  7:58  Drone x3  
  99  7:59  Drone  
  99  8:00  Drone x5  
  99  8:04  Baneling x5  
  107  8:16  Zergling x14  
  114  8:27  Muscular Augments  
  109  8:45  Drone x3  
  112  8:49  Hydralisk  
  112  8:50  Hydralisk  
  112  8:52  Overlord x8  
  116  8:58  Extractor, Infestation Pit  
  113  9:10  Hydralisk  
  113  9:11  Hydralisk x10  
  113  9:13  Hatchery  
  113  9:14  Zergling x2  
  135  9:27  Zergling x22  
  135  9:28  Zergling x2  
  144  9:40  Hive  
  144  9:41  Drone x5  
  144  9:42  Drone x4  
  153  9:53  Drone  
  153  9:54  Drone x2  
  155  10:17  Zergling x2  
  155  10:18  Zergling x26  
  163  10:29  Drone  
  164  10:36  Zergling x4  
  164  10:37  Zergling x24  
  178  10:51  Overlord x3, Extractor  
  178  10:52  Extractor  
  178  10:53  Adrenal Glands  
  178  10:55  Viper x2, Ultralisk Cavern  
  181  10:58  Drone x5  
  181  10:59  Drone  
  187  11:18  Baneling x13  
  187  11:23  Overseer x2  
  187  11:35  Hatchery  
  174  11:47  Ultralisk x2  
  174  11:48  Ultralisk  
  192  12:01  Zergling x24  
  182  12:23  Ultralisk x3  
Tags
 
Add a new tag
Caveats
  • Supply blocks, unpowered buildings, or Contaminate may cause inaccurate times.
  • Supply counts are checked every 10 seconds.